 Dungeon Crawl Stone Soup version 0.26.0-15-gc6cd9f7 (webtiles) character file.

Game seed: 13111634453046403840

1262 Ubbricas the Cruncher (level 8, 0/56 HPs)
             Began as a Demonspawn Gladiator on Jan 21, 2021.
             Slain by Pikel
             ... wielding a +2 whip of flaming
              (4 damage)
             ... on level 4 of the Dungeon.
             The game lasted 00:10:22 (5661 turns).

Ubbricas the Cruncher (Demonspawn Gladiator)        Turns: 5661, Time: 00:10:23

Health: 0/56       AC:  8    Str: 17    XL:     8   Next: 27%
Magic:  8/8        EV: 10    Int:  9    God:
Gold:   586        SH:  0    Dex: 15    Spells: 7/7 levels left

rFire    . . .     SeeInvis +   l - +2 spear (flame)
rCold    . . .     Faith    +   (no shield)
rNeg     . . .     Spirit   .   g - +0 scale mail
rPois    .         Reflect  .   (helmet restricted)
rElec    .         Harm     .   (no cloak)
rCorr    .         Rampage  .   (no gloves)
Will     .....                  (no boots)
Stlth    +.........             p - amulet of faith
HPRegen  0.18/turn              f - ring of stealth
MPRegen  0.11/turn              o - ring of see invisible

@: no status effects
A: antennae 1, iridescent scales 1
a: no special abilities


You were on level 4 of the Dungeon.
You visited 1 branch of the dungeon, and saw 5 of its levels.

You collected 586 gold pieces.

Inventory:

Hand Weapons
 a - a +0 quarterstaff
 l - a +2 spear of flaming (weapon)
Missiles
 j - 31 poisoned darts (quivered)
Armour
 b - a +0 leather armour
 c - a +0 helmet
 g - a +0 scale mail (worn)
Jewellery
 f - a ring of stealth (left hand)
 o - a ring of see invisible (right hand)
 p - an amulet of faith (around neck)
 r - a +6 ring of dexterity {unknown}
Scrolls
 e - 7 scrolls of identify {unknown}
 k - a scroll of enchant weapon {unknown}
 n - a scroll of remove curse {unknown}
 s - a scroll of amnesia {unknown}
 t - 2 scrolls of teleportation
 u - a scroll of enchant armour {unknown}
Potions
 h - a potion of invisibility {unknown}
 i - a potion of heal wounds
 m - 2 potions of curing {unknown}
 q - a potion of flight {unknown}
 v - a potion of berserk rage {unknown}
 w - a potion of ambrosia {unknown}
 x - a potion of might {unknown}
 z - a potion of lignification {unknown}


   Skills:
 - Level 2.0 Fighting
 * Level 9.6 Staves
 - Level 1.7 Throwing
 - Level 2.6 Dodging


You had 7 spell levels left.
You didn't know any spells.
Your spell library was empty.

Dungeon Overview and Level Annotations

Branches:
Dungeon (5/15)
 Temple: D:4-7

Altars:
Ashenzari
Cheibriados
Dithmenos
Elyvilon
Fedhas
Gozag
Makhleb
Xom
Zin

Shops:
D:4 (

Annotations:
D:4 Pikel


Innate Abilities, Weirdness & Mutations

You have a pair of small antennae on your head.
You are partially covered in iridescent scales. (AC +2)


Message History

Pikel hits you with a +2 whip of flaming.
Pikel burns you.
You barely miss Pikel.
Pikel is severely wounded.
You hit Pikel but do no damage.
Pikel is severely wounded.
Pikel hits you with a +2 whip of flaming!
* * * LOW HITPOINT WARNING * * *
Pikel burns you.
* * * LOW HITPOINT WARNING * * *
You puncture Pikel! You burn Pikel.
Pikel is almost dead.
Pikel hits you with a +2 whip of flaming.
* * * LOW HITPOINT WARNING * * *
Pikel burns you.
* * * LOW HITPOINT WARNING * * *
You hit Pikel. You burn Pikel.
Pikel is almost dead.
Pikel hits you with a +2 whip of flaming.
You die...

.≈≈........>.##.........###......
.........##..##..................
.≈≈.........................#....
.≈≈..(.......#.#....#.......##...
≈##..<.......###............#....
≈##.......##.# ##...........##..#
..≈........#.####..............##
.......##..#..##K.###..#......###
........#..#.###@..##''##...#....
......####...###..##....##..#...)
......# #.....##.##......##....##
......####.......#........#.#..##
......##.#..####.#........#.#...#
.........5....(#.#........#.##..#
.........#########........#####..
.........#......###......##.###..
.........#......# ##....##...##.#


You could see Pikel.

Vanquished Creatures
  Sigmund (D:3)
  An ice beast (D:3)
  3 ogres (D:4)
  4 lemures
  2 scorpions
  2 orc priests (D:3)
  A bullfrog skeleton (D:4)
  3 hounds
  2 iguanas (D:4)
  Natasha (twice) (D:3)
  5 worker ants
  A hound zombie (D:5)
  4 gnolls (D:2)
  10 adders
  2 river rats (D:4)
  An ooze (D:1)
  An adder skeleton (D:4)
  2 worms
  2 dart slugs
  2 leopard geckos
  8 orcs
  8 bats
  5 giant cockroaches
  6 hobgoblins
  3 quokkas
  2 ball pythons (D:1)
  5 frilled lizards
  8 goblins
  A jackal skeleton (D:4)
  3 kobolds
  A quokka skeleton (D:4)
  5 rats
106 creatures vanquished.

Vanquished Creatures (others)
  A bat (D:1)
  A giant cockroach (D:1)
  A goblin (D:3)
  A jackal (D:1)
4 creatures vanquished.

Grand Total: 110 creatures vanquished

Notes
Turn   | Place    | Note
-------+----------+-------------------------------------------
     0 | D:1      | Ubbricas the Demonspawn Gladiator began the quest for the
                  | Orb.
     0 | D:1      | Reached XP level 1. HP: 16/16 MP: 1/1
    91 | D:1      | Reached skill level 3 in Staves
   109 | D:1      | Gained mutation: You are partially covered in iridescent
                  | scales. (AC +2) [demonic ancestry]
   109 | D:1      | Reached XP level 2. HP: 22/22 MP: 2/2
   500 | D:1      | Reached XP level 3. HP: 27/27 MP: 3/3
   722 | D:2      | Found a blossoming altar of Fedhas.
   761 | D:2      | Reached skill level 4 in Staves
   946 | D:2      | Found a glowing silver altar of Zin.
   982 | D:2      | Found a broken altar of Ashenzari.
  1058 | D:2      | Reached XP level 4. HP: 33/33 MP: 4/4
  1098 | D:2      | Reached skill level 5 in Staves
  1657 | D:2      | Found a shadowy altar of Dithmenos.
  1733 | D:3      | Reached XP level 5. HP: 38/38 MP: 5/5
  1977 | D:3      | Found an opulent altar of Gozag.
  2077 | D:3      | Noticed Sigmund
  2098 | D:3      | Killed Sigmund
  2099 | D:3      | Reached skill level 6 in Staves
  2099 | D:3      | Gained mutation: You have a pair of small antennae on your
                  | head. [demonic ancestry]
  2099 | D:3      | Reached XP level 6. HP: 25/44 MP: 6/6
  2347 | D:3      | Found a white marble altar of Elyvilon.
  2704 | D:3      | Noticed Natasha
  2712 | D:3      | Killed Natasha
  2886 | D:4      | Found a shimmering altar of Xom.
  2886 | D:4      | Found a shimmering altar of Xom.
  2888 | D:4      | Found a shimmering altar of Xom.
  2888 | D:4      | Found a shimmering altar of Xom.
  2888 | D:4      | Found a shimmering altar of Xom.
  2892 | D:4      | Found a shimmering altar of Xom.
  2892 | D:4      | Found a shimmering altar of Xom.
  2941 | D:4      | Reached skill level 7 in Staves
  2982 | D:4      | Reached XP level 7. HP: 29/50 MP: 7/7
  3542 | D:4      | Reached skill level 8 in Staves
  4166 | D:4      | Reached skill level 9 in Staves
  4166 | D:4      | Reached XP level 8. HP: 56/56 MP: 8/8
  4283 | D:4      | Found Haol's Weapon Boutique.
  4358 | D:5      | Entered Level 5 of the Dungeon
  4358 | D:5      | Found a burning altar of Makhleb.
  4358 | D:5      | Found a snail-covered altar of Cheibriados.
  4361 | D:5      | Noticed Pikel
  4383 | D:4      | HP: 1/56 [lemure[Pikel] (4)]
  4442 | D:3      | HP: 1/56 [lemure[Pikel] (6)]
  4940 | D:3      | Noticed Natasha
  4964 | D:3      | Killed Natasha
  5661 | D:4      | Slain by Pikel

Illustrated notes

Levels and vault maps discovered:
D:1:      lightli_arrival_statue_moat, layout_rooms, lemuel_flame_loot_1
D:2:      layout_basic, old_standard_altar,
          nicolae_dithmenos_through_a_glass_darkly, zin_academy, fedhas_altar_2
D:3:      layout_basic, general_overflow_altar, elyvilon_altar_4, uniq_sigmund,
          uniq_natasha
D:4:      minmay_polygon_palace, layout_cave_pools, serial_shops,
          kennysheep_mini, cheibrodos_sewer_entry_sluice,
          nicolae_xom_altar_mimics
D:5:      layout_rooms, grunt_temple_overflow_open, amcnicky_mini_pool_small,
          minmay_holes, uniq_grinder, uniq_pikel, uniq_prince_ribbit1

Skill      XL: |  1  2  3  4  5  6  7 |
---------------+----------------------+-----
Staves         | 3 4 5 6 7 9 |  9.6
Fighting       | |  2.0
Throwing       | |  1.7
Dodging        | |  2.6

Action                   |  1- 3 |  4- 6 |  7- 9 || total
-------------------------+-------+-------+-------++-------
Melee: Quarterstaff      |    93 |    26 |       ||   119
       Spear             |       |   150 |   230 ||   380
Throw: Dart              |       |     5 |    69 ||    74
       Throwing net      |       |       |     3 ||     3
  Use: Potion            |       |       |     1 ||     1
       Scroll            |       |       |     1 ||     1
 Stab: Sleeping          |     3 |     2 |       ||     5
Armor: Leather armour    |    15 |       |       ||    15
       Scale mail        |    26 |    71 |    82 ||   179
Dodge: Dodged            |    53 |    79 |   121 ||   253
